 Dungeon Crawl Stone Soup version 0.25-a0-785-gb22c70e859 (webtiles) character file.

Game seed: 5716252063162613652, levelgen mode: deterministic

67 kae the Ruffian (level 3, -1/28 HPs)
             Began as a Draconian Transmuter on Apr 17, 2020.
             Was an Initiate of Qazlal.
             Slain by a worm (8 damage)
             ... on level 2 of the Dungeon.
             The game lasted 00:02:24 (2286 turns).

kae the Ruffian (Draconian Transmuter)              Turns: 2286, Time: 00:02:24

Health: -1/28      AC:  5    Str: 13    XL:     3   Next: 98%
Magic:  6/6        EV: 12    Int: 13    God:    Qazlal [......]
Gold:   69         SH:  0    Dex: 11    Spells: 6/7 levels left

rFire    . . .     SeeInvis .   b - +1 whip
rCold    . . .     Gourm    .   (no shield)
rNeg     + . .     Faith    .   (armour unavailable)
rPois    .         Spirit   .   (helmet restricted)
rElec    .         Reflect  .   (no cloak)
rCorr    .         Harm     .   (no gloves)
MR       .....                  (no boots)
Stlth    +.........             (no amulet)
HPRegen  0.09/turn              f - ring of positive energy
MPRegen  0.10/turn              (no ring)

@: appendage (expiring)
A: unfitting armour, horns 2, cold-blooded, AC +5
a: End Transformation, Renounce Religion


You were on level 2 of the Dungeon.
You worshipped Qazlal.
Qazlal was noncommittal.
You were not hungry.
You had grown temporary horns.
You visited 1 branch of the dungeon, and saw 2 of its levels.

You collected 69 gold pieces.

Inventory:

Hand Weapons
 b - a +1 whip (weapon)
Missiles
 a - 49 arrows
Jewellery
 f - a ring of positive energy (left hand)
Scrolls
 d - 2 scrolls of fog
 j - 2 scrolls of immolation
 n - a scroll of enchant weapon
Potions
 e - 2 potions of heal wounds
 h - a potion of stabbing
 i - 3 potions of curing
 k - a potion of invisibility {unknown}
 m - a potion of haste {unknown}
Comestibles
 c - 3 rations


   Skills:
 - Level 1.1 Fighting
 - Level 1.7 Dodging
 * Level 4.0 Unarmed Combat
 + Level 2.6 Spellcasting
 + Level 2.7 Transmutations
 + Level 0.1 Invocations


You had 6 spell levels left.
You knew the following spells:

 Your Spells              Type           Power        Failure   Level  Hunger
a - Beastly Appendage     Tmut           #.....       8%          1    #......

Your spell library contained the following spells:

 Spells                   Type           Power        Failure   Level  Hunger
 Sticks to Snakes         Tmut           #.......     12%         2    ###....
 Spider Form              Tmut/Pois      #.........   38%         3    ###....
 Ice Form                 Ice/Tmut       #.......     80%         4    #####..
 Blade Hands              Tmut           #.........   91%         5    ######.


Dungeon Overview and Level Annotations

Branches:
Dungeon (2/15)

Altars:
Qazlal


Innate Abilities, Weirdness & Mutations

Your plain brown scales are hard. (AC +5)
You cannot fit into any form of body armour.
You are cold-blooded and may be slowed by cold attacks.
You have a pair of horns on your head.


Message History

You are too injured to fight recklessly!
You hit the worm.
The worm is moderately wounded.
You completely miss the worm.
The worm is moderately wounded.
The worm barely misses you.
You completely miss the worm. You headbutt the worm.
The worm is heavily wounded.
The worm completely misses you.
You hit the worm. Your headbutt misses the worm.
The worm is severely wounded.
Your transformation is almost over.
You hit the worm.
The worm is severely wounded.
The worm bites you!
* * * LOW HITPOINT WARNING * * *
You hit the worm but do no damage. You headbutt the worm.
The worm is almost dead.
The worm bites you!
You die...

# #.....# #.##.##########...# #
##.##.###.##.# #....... #
#.....##.##.# #.###.## ##
####..##.##.# #.###.## .#
#..##.##.#######.##..## .# ###
#..##.##............... .###.##
#..#.>.#..######.##.###
.##.#.#####...#.#...# #.##.# #
................@w..# #.#..###
..#......####.#.#.#.# #[......
.#....<..........##.# ###.####
.##.#.##.##########.########.####
.###.###.# #.........#.†.. ## ###
#.# ##########.###. #.# #.# #.
#.# #.# #. #.############ #(# #.


You could see a worm.

Vanquished Creatures
  3 adders (D:2)
  A leopard gecko (D:1)
  4 giant cockroaches
  A goblin (D:2)
  5 hobgoblins
  7 jackals
  4 kobolds
  3 frilled lizards
  9 rats
37 creatures vanquished.

Notes
Turn   | Place    | Note
-------+----------+-------------------------------------------
     0 | D:1      | kae the Draconian Transmuter began the quest for the Orb.
     0 | D:1      | Reached XP level 1. HP: 16/16 MP: 3/3
   133 | D:1      | Reached XP level 2. HP: 12/23 MP: 5/5
  1086 | D:2      | Reached XP level 3. HP: 13/28 MP: 6/6
  1517 | D:2      | Found a stormy altar of Qazlal.
  1625 | D:2      | Became a worshipper of Qazlal Stormbringer
  2022 | D:2      | Reached skill level 4 in Unarmed Combat
  2286 | D:2      | Slain by a worm

Levels and vault maps discovered:
D:1:      dpeg_arrival_renting, layout_loops_ring, minmay_indecisive_spiral
D:2:      layout_loops_ring, old_standard_altar, first_ration

Skill      XL: |  1  2  3 |
---------------+----------+-----
Unarmed Combat | 4 |  4.0
Fighting       | |  1.1
Dodging        | |  1.7
Spellcasting   | |  2.6
Transmutations | |  2.7
Invocations    | |  0.1

Action                   || total
-------------------------++-------
Melee: Whip              ||   137
       Unarmed           ||     5
       Headbutt          ||     7
       Tailslap          ||    10
       Punch             ||     3
       Kick              ||     5
 Cast: Beastly Appendage ||    21
  Use: Scroll            ||     9
  Eat: Chunk             ||     5
Armor: Skin              ||    31
Dodge: Dodged            ||   102

Table legend:
 A = Non-vault XP
 B = Vault XP
 C = Vault XP percentage of total XP
 D = Non-vault monster count
 E = Vault monster count
 F = Vault count percentage of total count
                 A         B        C        D         E       F
            +---------+---------+-------+---------+---------+-------
      Total |      91 |       5 |   5.2 |      33 |       4 |  10.8
            +---------+---------+-------+---------+---------+-------
        D:1 |      22 |       5 |  18.5 |      12 |       4 |  25.0
        D:2 |      69 |       0 |   0.0 |      21 |       0 |   0.0
            +---------+---------+-------+---------+---------+-------
